 Dungeon Crawl Stone Soup version 0.23-a0-629-gae4348f (webtiles) character file.

24 MalarOregon the Insei (level 3, -1/27 HPs)
             Began as a Merfolk Transmuter on Dec 26, 2018.
             Killed from afar by Sigmund (7 damage)
             ... with a magic dart
             ... on level 2 of the Dungeon.
             The game lasted 00:02:33 (734 turns).

MalarOregon the Insei (Merfolk Transmuter)           Turns: 734, Time: 00:02:34

Health: -1/27      AC:  6    Str: 10    XL:     3   Next: 2%
Magic:  1/6        EV: 11    Int: 13    God:
Gold:   108        SH:  0    Dex: 14    Spells: 3/6 levels left

rFire    . . .     SeeInvis .   a - +0 spear
rCold    . . .     Gourm    .   (no shield)
rNeg     . . .     Faith    .   m - +0 ring mail {rPois}
rPois    +         Spirit   .   (no helmet)
rElec    .         Reflect  .   l - +0 cloak
rCorr    .         Harm     .   (no gloves)
MR       .....                  (no boots)
Stlth    +.........             (no amulet)
HPRegen  0.09/turn              (no ring)
MPRegen  0.10/turn              (no ring)

@: lethally poisoned (-1 -> -5), very slightly contaminated
A: change form in water, swift swim, stealthy swim
a: no special abilities


You were on level 2 of the Dungeon.
You were not hungry.

You visited 1 branch of the dungeon, and saw 2 of its levels.

You collected 108 gold pieces.

Inventory:

Hand Weapons
 a - a +0 spear (weapon)
   (You found it on level 1 of the Dungeon)
Missiles
 k - 35 arrows
Armour
 b - a +0 robe
 l - a +0 cloak (worn)
   (You found it on level 1 of the Dungeon)
 m - a +0 ring mail of poison resistance (worn)
   (You found it on level 1 of the Dungeon)
Jewellery
 j - an uncursed ring of poison resistance {unknown}
   (You found it on level 1 of the Dungeon)
Scrolls
 c - a scroll of enchant armour {unknown}
 f - a scroll of enchant weapon {unknown}
 g - 2 scrolls of identify {unknown}
 h - a scroll of magic mapping {unknown}
 i - a scroll of remove curse {unknown}
Potions
 d - a potion of agility {unknown}
 n - a potion of curing {unknown}
Comestibles
 e - 2 rations {!d}


   Skills:
 + Level 1.6 Fighting
 + Level 0.4 Polearms
 + Level 3.1 Dodging
 + Level 3.5 Unarmed Combat
 + Level 2.2 Spellcasting
 + Level 3.1 Transmutations


You had 3 spell levels left.
You knew the following spells:

 Your Spells              Type           Power        Failure   Level  Hunger
a - Beastly Appendage     Tmut           #.....       19%         1    ##.....
s - Sticks to Snakes      Tmut           #.......     26%         2    ###....

Your spell library contained the following spells:

 Spells                   Type           Power        Failure   Level  Hunger
 Spider Form              Tmut/Pois      #.........   71%         3    ####...
 Ice Form                 Ice/Tmut       #.......     98%         4    #####..
 Blade Hands              Tmut           #.........   99%         5    ######.


Dungeon Overview and Level Annotations

Branches:
Dungeon (2/15)

Altars:

Annotations:
D:2 Sigmund


Message History

Aim: Sigmund, wielding a +1 scythe of venom and wearing a +0 robe You reach to attack!
You hit Sigmund. Sigmund hits you but does no damage.
Attack whom?
Aim: Sigmund, wielding a +1 scythe of venom and wearing a +0 robe (lightly You reach to attack!
You closely miss Sigmund.
Attack whom?
Aim: Sigmund, wielding a +1 scythe of venom and wearing a +0 robe (lightly You reach to attack!
You hit Sigmund.
Sigmund points at you and mumbles some strange words.
The magic dart hits you!
Attack whom?
Aim: Sigmund, wielding a +1 scythe of venom and wearing a +0 robe (moderately You reach to attack!
You closely miss Sigmund.
Sigmund hits you from afar with a +1 scythe of venom!
You are poisoned.
Attack whom?
Aim: Sigmund, wielding a +1 scythe of venom and wearing a +0 robe (lightly You reach to attack!
You hit Sigmund but do no damage.
* * * LOW HITPOINT WARNING * * *
You feel sick. Sigmund closely misses you.
You miscast Sticks to Snakes.
You are very lightly contaminated with residual magic.
The air around you crackles with energy!
You feel sick. Sigmund closely misses you.
Unknown command.
Casting: Sticks to Snakes (safe; 26% risk of failure)
You create a snake!
You now have 36 arrows.
You feel sick.
Unknown command.
You swap places.
Sigmund points at you and mumbles some strange words.
Your ball python appears confused.
Your ball python misses you.
Casting: Sticks to Snakes (safe; 26% risk of failure)
You create a snake!
You now have 35 arrows.
You feel sick.
Your ball python barely misses Sigmund.
You swap places.
You feel sick.
Your ball python closely misses Sigmund.
Sigmund hits your ball python with a +1 scythe of venom.
Your ball python dies!
You feel sick.
Your ball python bites Sigmund.
Your ball python misses Sigmund.
Sigmund points at your ball python and mumbles some strange words.
The magic dart hits your ball python.
Your ball python dies!
Sigmund shouts!
You feel sick.
You feel sick.
You feel sick. Sigmund casts a spell at you. The magic dart hits you!
You die...

#.# #.#
#.# #.#
#.# #@# #.
#.# #.#
#.# #.#
#@# #.#
#.# #.#
#.# #>#
#.#
##.#####.#
#........#
#..#######
#..# #..#


You could see Sigmund.

Vanquished Creatures
  4 dart slugs
  2 leopard geckos (D:1)
  A giant cockroach (D:1)
  A hobgoblin (D:1)
  2 bats (D:1)
  2 frilled lizards (D:1)
  3 kobolds (D:1)
  A rat (D:1)
16 creatures vanquished.

Notes
Turn   | Place    | Note
-------+----------+-------------------------------------------
     0 | D:1      | MalarOregon the Merfolk Transmuter began the quest for the
                  | Orb.
     0 | D:1      | Reached XP level 1. HP: 15/15 MP: 3/3
   112 | D:1      | Reached XP level 2. HP: 21/21 MP: 3/5
   169 | D:1      | Learned a level 2 spell: Sticks to Snakes
   694 | D:2      | Reached XP level 3. HP: 27/27 MP: 6/6
   715 | D:2      | Noticed Sigmund
   734 | D:2      | Killed from afar by Sigmund

Vault maps used:
D:1:      scummos_arrival_checkerplants
D:2:      chequers_ecumenical_altar_simple_redux, uniq_sigmund

Skill      XL: |  1  2 |
---------------+-------+-----
Dodging        | 3 |  3.1
Transmutations | 3 |  3.1
Fighting       | |  1.6
Polearms       | |  0.4
Unarmed Combat | |  3.5
Spellcasting   | |  2.2

Action                   || total
-------------------------++-------
Melee: Unarmed           ||    22
       Headbutt          ||     4
       Spear             ||    33
       Punch             ||     1
 Cast: Beastly Appendage ||     6
       Sticks to Snakes  ||     2
 Stab: Sleeping          ||     3
Armor: Robe              ||     5
       Ring mail         ||     3
Dodge: Dodged            ||    30

Table legend:
 A = Non-vault XP
 B = Vault XP
 C = Vault XP percentage of total XP
 D = Non-vault monster count
 E = Vault monster count
 F = Vault count percentage of total count
                 A         B        C        D         E       F
            +---------+---------+-------+---------+---------+-------
      Total |      35 |       0 |   0.0 |      16 |       0 |   0.0
            +---------+---------+-------+---------+---------+-------
        D:1 |      31 |       0 |   0.0 |      15 |       0 |   0.0
        D:2 |       4 |       0 |   0.0 |       1 |       0 |   0.0
            +---------+---------+-------+---------+---------+-------
